 Dungeon Crawl Stone Soup version 0.24.0-13-gcf9b3192b9 (webtiles) character file.

Game seed: 8251851379074291119, levelgen mode: deterministic

118331 Ge0ff the Severer (level 15, -3/141 HPs)
             Began as a Deep Dwarf Fighter on Nov 10, 2019.
             Was a High Priest of Makhleb.
             Slain by an orc warrior
             ... wielding a +1 trident of holy wrath
             ... led by an orc warlord
              (5 damage)
             ... on level 1 of the Orcish Mines.
             The game lasted 00:31:50 (14922 turns).

Ge0ff the Severer (Deep Dwarf Fighter)             Turns: 14922, Time: 00:31:50

Health: -3/141     AC: 23    Str: 29    XL:     15   Next: 94%
Magic:  2/2        EV: 12    Int: 10    God:    Makhleb [*****.]
Gold:   1624       SH: 14    Dex: 12    Spells: 14/14 levels left

rFire    . . .     SeeInvis +   a - +3 broad axe
rCold    . . .     Gourm    .   c - +1 shield
rNeg     + . .     Faith    .   t - +0 plate armour
rPois    +         Spirit   .   V - +0 helmet
rElec    .         Reflect  .   J - +2 cloak
rCorr    .         Harm     .   I - +1 pair of gloves of Free Expression {rPois Regen+ Str+4}
MR       +++..                  v - +0 pair of boots
Stlth    ..........             Y - amulet of magic regeneration
HPRegen  0.00/turn              K - ring of protection from magic {=R}
MPRegen  0.33/turn              s - ring of see invisible

@: non-regenerating, hasted, lightly drained, very quick
A: damage resistance, heal wounds, negative energy resistance 1, sense
surroundings 2, no regeneration
}: 1/15 runes: gossamer
a: Heal Wounds, Minor Destruction, Lesser Servant of Makhleb, Major Destruction,
Greater Servant of Makhleb, Renounce Religion


You were on level 1 of the Orcish Mines.
You worshipped Makhleb.
Makhleb was extremely pleased with you.
You were not hungry.

You visited 6 branches of the dungeon, and saw 26 of its levels.
You also visited: Ossuary.

You collected 1624 gold pieces.

Inventory:

Hand Weapons
 a - a +3 broad axe (weapon)
 b - a +0 morningstar
 D - a +0 dagger of distortion
 N - a +0 flail of protection
Missiles
 w - 10 curare-tipped darts (quivered) {=f}
 G - 5 javelins
 T - 3 throwing nets {=f}
Armour
 c - a +1 shield (worn)
 t - a +0 plate armour (worn)
 v - a +0 pair of boots (worn)
 y - the +5 ring mail of the Bard {-Tele MP+9 Stlth+, unknown}
   (You found it on level 3 of the Swamp)

   It affects your magic capacity (+9).
   It prevents most forms of teleportation.
   It makes you more stealthy.
 B - the cursed +1 ring mail "Liru" {rN+ rCorr}
   (You found it on level 6 of the Dungeon)

   It protects you from negative energy.
   It provides partial protection from all sources of acid and corrosion.
   It has a curse placed upon it.
 I - the +1 pair of gloves of Free Expression (worn) {rPois Regen+ Str+4}
   (You acquired it on level 3 of the Spider Nest)

   It affects your strength (+4).
   It protects you from poison.
   It increases your rate of regeneration.
 J - a +2 cloak (worn)
 P - a +0 pair of gloves
 Q - a +2 ring mail of poison resistance
 V - a +0 helmet (worn)
Jewellery
 p - an uncursed ring of protection from cold
 s - a ring of see invisible (right hand)
 u - an uncursed ring of fire
 K - a ring of protection from magic (left hand) {=R}
 Y - an amulet of magic regeneration (around neck)
 Z - a +2 ring of dexterity
Wands
 d - a wand of digging (4)
 f - a wand of flame (19)
 j - a wand of acid (12)
 k - a wand of iceblast (6)
 x - a wand of random effects (5)
Scrolls
 i - 3 scrolls of identify
 m - 2 scrolls of magic mapping
 C - 13 scrolls of remove curse
 E - 4 scrolls of fear
 F - 2 scrolls of fog
 O - a scroll of enchant armour
 S - a scroll of summoning
Potions
 o - a potion of ambrosia
 q - 6 potions of curing
 z - 2 potions of brilliance
 A - a potion of agility
 L - 4 potions of lignification
 M - a potion of mutation
 R - a potion of resistance
 W - 4 potions of heal wounds {!q}
 X - 5 potions of flight
Miscellaneous
 n - a phial of floods
 U - a phantom mirror
Comestibles
 r - 26 rations


   Skills:
 + Level 11.0(10.7) Fighting
 + Level 16.8(16.4) Axes
 + Level 11.3(10.9) Armour
 + Level 10.6(10.2) Dodging
 - Level 10.7(10.3) Shields
 * Level 13.8(13.4) Invocations
 - Level 10.9(10.5) Evocations


You had 14 spell levels left.
You didn't know any spells.
Your spell library contained the following spells:

 Spells                   Type           Power        Failure   Level  Hunger
 Animate Skeleton         Necr           N/A          99%         1    ##.....
 Apportation              Tloc           #.....       99%         1    ##.....
 Confusing Touch          Hex            #.....       99%         1    ##.....
 Corona                   Hex            #......      99%         1    ##.....
 Flame Tongue             Conj/Fire      #....        99%         1    ##.....
 Pain                     Necr           #...         99%         1    ##.....
 Sandblast                Erth           #.....       99%         1    ##.....
 Summon Butterflies       Summ           #.......     99%         1    ##.....
 Ensorcelled Hibernation  Hex/Ice        #.....       100%        2    ###....
 Passwall                 Tmut/Erth      #.......     100%        2    ###....
 Throw Flame              Conj/Fire      #.....       100%        2    ###....
 Call Canine Familiar     Summ           #.......     100%        3    ####...
 Confuse                  Hex            #.......     100%        3    ####...
 Conjure Flame            Conj/Fire      #.......     100%        3    ####...
 Dazzling Spray           Conj/Hex       #.....       100%        3    ####...
 Gell's Gravitas          Tloc           #.........   100%        3    ####...
 Inner Flame              Hex/Fire       #.......     100%        3    ####...
 Lesser Beckoning         Tloc           #.........   100%        3    ####...
 Recall                   Summ/Tloc      N/A          100%        3    ####...
 Stone Arrow              Conj/Erth      #.....       100%        3    ####...
 Tukima's Dance           Hex            #.......     100%        3    ####...
 Vampiric Draining        Necr           #.........   100%        3    ####...
 Animate Dead             Necr           N/A          100%        4    #####..
 Petrify                  Tmut/Erth      #.......     100%        4    #####..
 Sticky Flame             Conj/Fire      #.......     100%        4    #####..
 Summon Ice Beast         Ice/Summ       #.......     100%        4    #####..
 Alistair's Intoxication  Tmut/Pois      #.......     100%        5    ######.
 Aura of Abjuration       Summ           #.........   100%        5    ######.
 Bolt of Magma            Conj/Fire/Erth #.........   100%        5    ######.
 Fireball                 Conj/Fire      #.........   100%        5    ######.
 Iskenderun's Battlesphe  Conj/Chrm      #.......     100%        5    ######.
 Lee's Rapid Deconstruct  Erth           #.........   100%        5    ######.
 Metabolic Englaciation   Hex/Ice        #.........   100%        5    ######.
 Summon Demon             Summ           #.........   100%        5    ######.
 Summon Forest            Summ/Tloc      #.........   100%        5    ######.
 Summon Mana Viper        Hex/Summ       #.......     100%        5    ######.
 Venom Bolt               Conj/Pois      #.........   100%        5    ######.
 Yara's Violent Unravell  Hex/Tmut       #.........   100%        5    ######.
 Invisibility             Hex            #.......     100%        6    #######
 Iron Shot                Conj/Erth      #.........   100%        6    #######
 Shadow Creatures         Summ           N/A          100%        6    #######
 Orb of Destruction       Conj           #.........   100%        7    #######
 Spellforged Servitor     Conj/Summ      #.........   100%        7    #######
 Summon Hydra             Summ           #.........   100%        7    #######
 Regeneration             Chrm/Necr      Unusable     N/A         3    N/A

Dungeon Overview and Level Annotations

Branches:
Dungeon (11/15)            Temple (1/1) D:7            Lair (6/6) D:8
  Swamp (3/4) Lair:2       Spider (4/4) Lair:4        Slime (0/5) Lair:6
    Orc (1/2) D:9         Ossuary (visited)

Altars:
Cheibriados
Dithmenos
Kikubaaqudgha
Makhleb
Nemelex Xobeh
Ru
Sif Muna
Yredelemnul
Beogh
Jiyva

Annotations:
D:7 1 runed translucent door, Esekla's ghost, novice DESk
D:11 exclusion: ice statue


Innate Abilities, Weirdness & Mutations

You are resistant to damage.
You can heal yourself by infusing magical energy.
You resist negative energy. (rN+)
You passively map the area around you.
You do not regenerate.


Message History

You slash the orc!
You kill the orc!
Makhleb accepts your kill.
You feel better.
You slash the orc warrior!
You hit the orc warrior but do no damage.
Your plate armour prevents you from hitting the orc priest.
You hit the orc warrior.
You hit the orc warrior but do no damage.
You block the orc warrior's attack.
The orc priest invokes the aid of Beogh against you.
Beogh smites you!
* * * LOW HITPOINT WARNING * * *
The orc warrior hits you with a +0 glaive!
* * * LOW HITPOINT WARNING * * *
Your orange demon stings the orc warrior from afar.
The orc warrior dies!
Makhleb accepts your kill.
You hear a shout!
The orc warrior hits you with a +1 trident of holy wrath!
You die...

* * * * * ,,
#####.## , ,* , *
*#.#....# ,*#
......# # * *,,
##.#####.....#
..,,, , ,
.....#......##...,
* * ,
,#.....o..........
,.$....ooooo......
*** ,
,.....oo@o4..o....
,
......oo)o>o.....
,, , ,,
........o........
,
,..............o.$
,,
#...............$
, , *
##......#......$.
,,, ,
##...........#.^ ,
#....#....... .
,,, , .....
........, ,, ,


You could see an orc warlord, 7 orc warriors, 2 orc priests, 6 orcs and a
friendly orange demon.

Vanquished Creatures
  Kirke (Lair:5)
  4 emperor scorpions
  A ghost moth (Spider:4)
  A spark wasp (Spider:4)
  8 hydras
  Harold (Lair:2)
  3 ghost crabs
  3 catoblepae (Lair:6)
  5 alligators
  4 death yaks (Lair:6)
  A fire crab (Lair:6)
  A swamp dragon (Swamp:1)
  A lindwurm (Lair:6)
  19 wolf spiders
  3 manticores
  12 orb spiders
  2 oklob plants (Lair:6)
  A moth of wrath (Spider:4)
  10 elephants
  5 black mambas
  14 spiny frogs
  A torpor snail (Lair:5)
  9 komodo dragons
  4 rime drakes
  7 demonic crawlers
  30 jumping spiders
  4 tyrant leeches
  5 polar bears
  9 hornets
  8 hippogriffs
  12 blink frogs
  Grinder (D:4)
  3 bog bodies
  44 redbacks
  2 spriggans
  A wraith (D:10)
  39 yaks
  16 tarantellas
  A wyvern (Lair:1)
  2 hogs (Lair:5)
  A hungry ghost (D:9)
  12 vampire mosquitoes
  Menkaure (D:4)
  7 insubstantial wisps
  5 swamp worms
  13 porcupines
  8 water moccasins
  3 swamp drakes
  A sky beast (D:10)
  7 orc warriors
  4 black bears
  An ice beast (D:7)
  9 ogres
  A phantom (D:8)
  3 centaurs
  8 crocodiles
  A big kobold (D:7)
  14 bullfrogs
  3 elf zombies (Ossuary)
  5 scorpions
  6 killer bees (D:9)
  11 wights
  2 electric eels
  7 crimson imps
  3 howler monkeys (D:8)
  2 bullfrog zombies
  2 centaur zombies (Ossuary)
  A human zombie (Ossuary)
  4 hounds
  5 orc priests
  A centaur skeleton (D:4)
  4 jellies
  3 iguanas
  8 orc wizards
  5 worker ants
  A killer bee zombie (D:7)
  A big kobold zombie (Ossuary)
  2 hound zombies (Ossuary)
  3 mummies (Ossuary)
  A worker ant zombie (D:10)
  13 adders
  2 shadow imps
  2 oozes
  6 adder zombies
  2 worms
  4 dart slugs
  4 leopard geckos
  33 orcs
  6 bats
  5 giant cockroaches
  13 goblins
  5 hobgoblins
  16 jackals
  10 kobolds
  5 quokkas
  A ball python (D:2)
  4 frilled lizards
  A giant cockroach zombie (D:5)
  A goblin zombie (Ossuary)
  5 hobgoblin zombies
  4 jackal zombies (Ossuary)
  4 kobold zombies
  3 leopard gecko skeletons
  2 orc zombies (Ossuary)
  4 quokka zombies (Ossuary)
  10 rats
  3 rat zombies (Ossuary)
  A fungus (Lair:2)
  2 plants (Lair:6)
648 creatures vanquished.

Vanquished Creatures (collateral kills)
  A ghost moth (Spider:4)
  2 emperor scorpions
  3 hydras
  2 alligators
  3 death yaks (Lair:6)
  Sonja (Lair:3)
  An orb spider (Spider:3)
  2 wolf spiders (Spider:3)
  An oklob plant (Lair:6)
  2 elephants (Lair:6)
  2 spiny frogs
  A demonic crawler (Spider:3)
  2 komodo dragons
  4 jumping spiders
  2 tyrant leeches (Swamp:3)
  A redback (Spider:3)
  3 yaks (Lair:6)
  2 tarantellas (Spider:3)
  2 spriggans
  A basilisk (Lair:4)
  A hog (Lair:5)
  A swamp worm (Swamp:2)
  An insubstantial wisp (Swamp:1)
  A porcupine (Lair:3)
  An orc warrior (Orc:1)
  A swamp drake (Swamp:2)
  2 crocodiles
  4 bullfrogs
  An orc (Orc:1)
51 creatures vanquished.

Vanquished Creatures (others)
  A swamp dragon (Swamp:1)
  An orb spider (Spider:4)
  A demonic crawler (Spider:4)
  A human (Lair:5)
  A swamp worm (Swamp:3)
  2 insubstantial wisps (Swamp:1)
  A swamp drake (Swamp:2)
  A porcupine (Lair:3)
  A jackal (D:6)
  5 fungi
  12 plants
27 creatures vanquished.

Grand Total: 726 creatures vanquished

Notes
Turn   | Place    | Note
-------+----------+-------------------------------------------
     0 | D:1      | Ge0ff the Deep Dwarf Fighter began the quest for the Orb.
     0 | D:1      | Reached XP level 1. HP: 20/20 MP: 1/1
    51 | D:1      | Reached XP level 2. HP: 27/27 MP: 2/2
    57 | D:1      | Reached skill level 3 in Axes
   237 | D:1      | Reached XP level 3. HP: 28/34 MP: 3/3
   453 | D:1      | You fall into a shaft and drop 1 floor!
   549 | D:2      | Reached skill level 4 in Axes
   571 | D:2      | Reached XP level 4. HP: 33/42 MP: 4/4
  1012 | D:4      | Noticed an ogre
  1016 | D:4      | Killed an ogre
  1016 | D:4      | Reached skill level 5 in Axes
  1016 | D:4      | Reached XP level 5. HP: 50/50 MP: 4/4
  1052 | D:4      | Found a sand-covered staircase.
  1063 | Ossuary  | Entered an ossuary
  1084 | Ossuary  | Reached XP level 6. HP: 53/57 MP: 5/5
  1116 | Ossuary  | Reached skill level 6 in Axes
  1292 | Ossuary  | Reached skill level 7 in Axes
  1292 | Ossuary  | Reached XP level 7. HP: 54/66 MP: 6/6
  1395 | D:4      | Noticed Menkaure
  1402 | D:4      | Killed Menkaure
  1402 | D:4      | Reached skill level 5 in Fighting
  1622 | D:4      | Reached skill level 8 in Axes
  1627 | D:4      | Noticed Grinder
  1752 | D:4      | Paralysed by Grinder for 6 turns
  1770 | D:4      | Killed Grinder
  1770 | D:4      | Reached XP level 8. HP: 37/75 MP: 7/7
  1837 | D:4      | Reached skill level 9 in Axes
  2082 | D:5      | Entered Level 5 of the Dungeon
  2349 | D:5      | Found a sparkling altar of Nemelex Xobeh.
  2880 | D:6      | Reached skill level 1 in Dodging
  2966 | D:6      | Got a heavily runed ring mail
  3399 | D:6      | Reached skill level 10 in Axes
  3548 | D:7      | Gained mutation: You passively map the area around you.
                  | [Deep Dwarf growth]
  3548 | D:7      | Reached XP level 9. HP: 67/84 MP: 6/6
  3634 | D:7      | Identified the cursed +1 ring mail "Liru" {rN+ rCorr} (You
                  | found it on level 6 of the Dungeon)
  3681 | D:7      | Found a runed translucent door.
  3681 | D:7      | Noticed Esekla's ghost (novice DESk)
  3743 | D:7      | Found a staircase to the Ecumenical Temple.
  3752 | Temple   | Entered the Ecumenical Temple
  3778 | Temple   | Became a worshipper of Makhleb the Destroyer
  4264 | D:8      | Reached skill level 5 in Armour
  4264 | D:8      | Reached skill level 5 in Shields
  4269 | D:8      | Reached * piety under Makhleb
  4269 | D:8      | Reached skill level 11 in Axes
  4483 | D:8      | Reached skill level 1 in Invocations
  4488 | D:8      | Found a staircase to the Lair.
  4501 | D:8      | Reached skill level 1 in Evocations
  4508 | Lair:1   | Entered Level 1 of the Lair of Beasts
  4547 | Lair:1   | Reached XP level 10. HP: 69/94 MP: 6/6
  5473 | D:9      | Reached ** piety under Makhleb
  5592 | D:9      | Reached skill level 12 in Axes
  5689 | D:9      | Found a staircase to the Orcish Mines.
  5695 | D:9      | Found a roughly hewn altar of Beogh.
  5905 | D:10     | Entered Level 10 of the Dungeon
  6402 | D:10     | Reached *** piety under Makhleb
  6550 | D:11     | Reached XP level 11. HP: 103/103 MP: 8/8
  6582 | D:11     | Reached skill level 5 in Invocations
  6698 | D:11     | Noticed a six-headed hydra
  6713 | D:11     | Killed a six-headed hydra
  6713 | D:11     | Reached skill level 5 in Dodging
  7335 | Lair:1   | Reached skill level 5 in Evocations
  7689 | Lair:1   | Noticed an eight-headed hydra
  7707 | Lair:1   | Killed an 11-headed hydra
  7776 | Lair:1   | You fall into a shaft and drop 1 floor!
  7881 | Lair:2   | Reached skill level 13 in Axes
  7948 | Lair:2   | Found a staircase to the Swamp.
  8197 | Lair:3   | Noticed a six-headed hydra
  8206 | Lair:3   | Killed a six-headed hydra
  8206 | Lair:3   | Reached XP level 12. HP: 95/112 MP: 9/9
  8317 | Lair:3   | Noticed a six-headed hydra
  8325 | Lair:3   | Killed a six-headed hydra
  8555 | Lair:3   | Noticed Sonja
  8666 | Lair:3   | Killed Sonja
  9272 | Lair:4   | Found a hole to the Spider Nest.
  9784 | Lair:5   | Noticed a seven-headed hydra
  9794 | Lair:5   | Killed a seven-headed hydra
  9824 | Lair:5   | Reached **** piety under Makhleb
  9922 | Lair:5   | Reached skill level 14 in Axes
  9970 | Lair:6   | Entered Level 6 of the Lair of Beasts
 10064 | Lair:6   | Noticed an eight-headed hydra
 10079 | Lair:6   | Killed an eight-headed hydra
 10139 | Lair:6   | Reached XP level 13. HP: 93/121 MP: 7/7
 10753 | Lair:6   | Reached skill level 10 in Invocations
 10796 | Lair:6   | Reached skill level 15 in Axes
 10899 | Lair:6   | Got a shadowed robe
 11025 | Lair:6   | Found a runed translucent door.
 11026 | Lair:6   | Found a viscous altar of Jiyva.
 11028 | Lair:6   | Found a staircase to the Slime Pits.
 11313 | Lair:5   | Noticed Kirke
 11337 | Lair:5   | Killed Kirke
 11354 | Lair:5   | Gained mutation: You resist negative energy. (rN+) [Deep
                  | Dwarf growth]
 11354 | Lair:5   | Reached XP level 14. HP: 130/130 MP: 7/7
 11761 | Spider:1 | Entered Level 1 of the Spider Nest
 11780 | Spider:2 | Reached ***** piety under Makhleb
 11927 | Spider:4 | Entered Level 4 of the Spider Nest
 11927 | Spider:4 | Noticed an emperor scorpion
 11930 | Spider:4 | Reached skill level 10 in Fighting
 11938 | Spider:4 | Noticed an emperor scorpion
 11964 | Spider:3 | Killed an emperor scorpion
 12037 | Spider:3 | Identified a scroll of acquirement
 12041 | Spider:3 | Got a pair of dazzling gloves
 12052 | Spider:3 | Identified the +1 pair of gloves of Free Expression {rPois
                  | Regen+ Str+4} (You acquired it on level 3 of the Spider
                  | Nest)
 12073 | Spider:4 | Reached skill level 10 in Shields
 12078 | Spider:3 | Reached skill level 10 in Armour
 12108 | Spider:3 | Killed an emperor scorpion
 12108 | Spider:3 | Reached skill level 10 in Evocations
 12452 | Spider:4 | Reached skill level 16 in Axes
 12480 | Spider:4 | Reached XP level 15. HP: 140/140 MP: 3/3
 12480 | Spider:4 | Killed a ghost moth
 12480 | Spider:4 | Reached ****** piety under Makhleb
 12771 | Spider:4 | Noticed a ghost moth
 12777 | Spider:4 | Paralysed by a hornet for 1 turns
 12780 | Spider:4 | Killed a ghost moth
 12843 | Spider:4 | Reached skill level 10 in Dodging
 12854 | Spider:4 | Got a gossamer rune of Zot
 13103 | Swamp:1  | Entered Level 1 of the Swamp
 13433 | Lair:2   | Noticed Harold
 13448 | Lair:2   | Killed Harold
 14696 | Swamp:3  | Got a scorched ring mail
 14913 | Orc:1    | Entered Level 1 of the Orcish Mines
 14913 | Orc:1    | Noticed an orc warlord
 14921 | Orc:1    | HP: 2/141 [orc warrior/+0 glaive[an orc warlord] (8)]
 14922 | Orc:1    | Slain by an orc warrior

Levels and vault maps discovered:
D:1:      dpeg_arrival_prison, layout_loops_ring
D:2:      layout_basic
D:3:      layout_rooms, nicolae_overflow_hidden_temple, cheibriados_altar_1
D:4:      layout_basic, enter_ossuary_3, uniq_menkaure, uniq_grinder
D:5:      layout_basic, first_ration, nemelex_xobeh_ov_fountains_minmay
D:6:      minmay_general_purpose_star, layout_basic, serial_bayou,
          serial_bayou_shore_a, serial_bayou_pond_e, serial_bayou_pond_d,
          serial_bayou_pond_e
D:7:      layout_cave_pools, minmay_temple_entry_antechambers,
          gammafunk_ghost_grave, kennysheep_cross_room
D:8:      layout_loops_ring, grunt_lair_entry_orc_guard_hut, the_bakery,
          chequers_serial_rivers_micro_e
D:9:      layout_layer_cave, minmay_orc_entry_temple_small, due_unseen_surprise
D:10:     cheibrodos_iron_armory, layout_basic, item_on_display_b
D:11:     lemuel_ice_statue, layout_irregular_city
Temple:   regret_index_temple_chain_breaker
Lair:1:   minmay_guarded_unrand_snakebite, layout_layer_cave,
          grunt_forest_stairs_basic, chequers_serial_rivers_micro_d,
          serial_bayou_shore_b
Lair:2:   layout_cave_pods, swamp_mist_pool, uniq_harold
Lair:3:   layout_cave_pods, uniq_sonja
Lair:4:   layout_gridlike, nicolae_spider_entry_tight_spaces, minmay_holes,
          st_stairs_4, gammafunk_lair_bear_cave
Lair:5:   layout_misc_corridors, beast_lair_carwin_7, uniq_urug, uniq_kirke
Lair:6:   evilmike_catoblepas_cave, layout_hall_layers, slime_altar_2,
          serial_bayou_pond_a, serial_bayou_shore_b, minmay_lair_oklob_chamber
Swamp:1:  layout_falls_marsh, nicolae_swamp_very_dense_foliage, swamp_pool4
Swamp:2:  layout_basic_swamp, nicolae_swamp_round_clearing
Swamp:3:  layout_basic_swamp, evilmike_swamp_ruin_house_2, swamp_pool2,
          uniq_mara
Spider:1: layout_spider_delve, uniq_josephine
Spider:2: layout_spider_delve, drop_trap, nicolae_spider_circle_web,
          uniq_arachne
Spider:3: layout_spider_delve
Spider:4: spider_rune_water, ebering_ghost_xom
Orc:1:    layout_caves, nicolae_orc_lost_temple, uniq_nergalle

Skill      XL: |  1  2  3  4  5  6  7  8  9 10 11 12 13 14 15 |
---------------+----------------------------------------------+-----
Axes           | 3 4 5 7 8 10 11 12 13 14 15 16 | 16.8
Fighting       | 3 4 5 6 7 8 9 10 11 | 11.0
Dodging        | 2 3 4 6 7 8 9 10 | 10.6
Armour         | 4 5 6 7 8 9 10 11 | 11.3
Shields        | 4 5 6 7 8 9 10 | 10.7
Invocations    | 1 4 7 9 10 11 13 | 13.8
Evocations     | 1 4 6 7 9 10 | 10.9

Action                   |  1- 3 |  4- 6 |  7- 9 | 10-12 | 13-15 || total
-------------------------+-------+-------+-------+-------+-------++-------
Melee: War axe           |    78 |   201 |   439 |    66 |       ||   784
       Unarmed           |       |       |    14 |       |       ||    14
       Broad axe         |       |       |       |   642 |   952 ||  1594
       Morningstar       |       |       |       |    26 |    22 ||    48
Throw: Javelin           |       |     4 |    12 |     6 |       ||    22
       Dart              |       |       |       |       |    12 ||    12
Invok: Lesser Servant of |       |       |       |    12 |    18 ||    30
       Greater Servant o |       |       |       |       |     2 ||     2
 Abil: Heal Wounds       |       |     1 |    20 |    19 |    42 ||    82
Evoke: Wand              |       |       |       |     4 |     4 ||     8
       Phial of floods   |       |       |       |       |     1 ||     1
  Use: Scroll            |       |       |     8 |    20 |     8 ||    36
       Potion            |       |       |     2 |       |    11 ||    13
 Stab: Distracted        |       |       |       |     1 |     8 ||     9
       Invisible         |       |       |       |       |     9 ||     9
       Petrified         |       |       |       |       |     1 ||     1
       Confused          |       |       |       |       |     4 ||     4
  Eat: Chunk             |       |     1 |     6 |    12 |    10 ||    29
       Ration            |       |       |     2 |     3 |     3 ||     8
Armor: Scale mail        |    43 |   121 |    56 |       |       ||   220
       Plate armour      |       |       |   165 |   570 |   655 ||  1390
       Chain mail        |       |       |    15 |       |       ||    15
       Ring mail         |       |       |       |       |   106 ||   106
Dodge: Dodged            |    19 |    51 |   105 |   267 |   623 ||  1065
Block: Shield            |    50 |   102 |   212 |   530 |   901 ||  1795

Levels and vault maps discovered:
D:1:      dpeg_arrival_prison, layout_loops_ring
D:2:      layout_basic
D:3:      layout_rooms, nicolae_overflow_hidden_temple, cheibriados_altar_1
D:4:      layout_basic, enter_ossuary_3, uniq_menkaure, uniq_grinder
D:5:      layout_basic, first_ration, nemelex_xobeh_ov_fountains_minmay
D:6:      minmay_general_purpose_star, layout_basic, serial_bayou,
          serial_bayou_shore_a, serial_bayou_pond_e, serial_bayou_pond_d,
          serial_bayou_pond_e
D:7:      layout_cave_pools, minmay_temple_entry_antechambers,
          gammafunk_ghost_grave, kennysheep_cross_room
D:8:      layout_loops_ring, grunt_lair_entry_orc_guard_hut, the_bakery,
          chequers_serial_rivers_micro_e
D:9:      layout_layer_cave, minmay_orc_entry_temple_small, due_unseen_surprise
D:10:     cheibrodos_iron_armory, layout_basic, item_on_display_b
D:11:     lemuel_ice_statue, layout_irregular_city
Temple:   regret_index_temple_chain_breaker
Lair:1:   minmay_guarded_unrand_snakebite, layout_layer_cave,
          grunt_forest_stairs_basic, chequers_serial_rivers_micro_d,
          serial_bayou_shore_b
Lair:2:   layout_cave_pods, swamp_mist_pool, uniq_harold
Lair:3:   layout_cave_pods, uniq_sonja
Lair:4:   layout_gridlike, nicolae_spider_entry_tight_spaces, minmay_holes,
          st_stairs_4, gammafunk_lair_bear_cave
Lair:5:   layout_misc_corridors, beast_lair_carwin_7, uniq_urug, uniq_kirke
Lair:6:   evilmike_catoblepas_cave, layout_hall_layers, slime_altar_2,
          serial_bayou_pond_a, serial_bayou_shore_b, minmay_lair_oklob_chamber
Swamp:1:  layout_falls_marsh, nicolae_swamp_very_dense_foliage, swamp_pool4
Swamp:2:  layout_basic_swamp, nicolae_swamp_round_clearing
Swamp:3:  layout_basic_swamp, evilmike_swamp_ruin_house_2, swamp_pool2,
          uniq_mara
Spider:1: layout_spider_delve, uniq_josephine
Spider:2: layout_spider_delve, drop_trap, nicolae_spider_circle_web,
          uniq_arachne
Spider:3: layout_spider_delve
Spider:4: spider_rune_water, ebering_ghost_xom
Orc:1:    layout_caves, nicolae_orc_lost_temple, uniq_nergalle
